 Dungeon Crawl Stone Soup version 0.22.1-1-ga44c0e5 (webtiles) character file.

725 Zebedee the Grappler (level 7, -2/68 HPs)
             Began as a Troll Monk on Oct 3, 2018.
             Slain by Pikel
             ... wielding a +0 whip of electrocution
              (16 damage)
             ... on level 4 of the Dungeon.
             The game lasted 00:09:08 (3105 turns).

Zebedee the Grappler (Troll Monk)                   Turns: 3105, Time: 00:09:09

Health: -2/68      AC:  5    Str: 22    XL:     7   Next: 43%
Magic:  6/6        EV: 10    Int:  6    God:
Gold:   178        SH:  0    Dex: 12    Spells: 6/6 levels left

rFire    . . .     SeeInvis .     - Unarmed
rCold    . . .     Gourm    +   (no shield)
rNeg     + . .     Faith    .   i - +0 robe {rN+}
rPois    .         Spirit   .   (helmet restricted)
rElec    .         Reflect  .   (no cloak)
rCorr    .         Harm     .   (gloves unavailable)
MR       .....                  (boots unavailable)
Stlth    ++........             (no amulet)
HPRegen  0.61/turn              (no ring)
MPRegen  0.10/turn              (no ring)

@: no status effects
A: large, unfitting armour, claws 3, fast metabolism 3, gourmand, regeneration
1, shaggy fur 1, tough skin 2
a: no special abilities


You were on level 4 of the Dungeon.
You were full.

You visited 1 branch of the dungeon, and saw 4 of its levels.
You also visited: Ossuary.

You collected 178 gold pieces.

Inventory:

Hand Weapons
 s - a cursed -2 blowgun
Missiles
 t - 11 poisoned needles
Armour
 a - a +0 robe
 i - a +0 robe of positive energy (worn)
 C - a +1 hat
Scrolls
 c - 4 scrolls of enchant weapon {unknown}
 d - 3 scrolls of magic mapping {unknown}
 e - a scroll of immolation {unknown}
 f - a scroll of acquirement {unknown}
 g - 3 scrolls of remove curse {unknown}
 l - 3 scrolls of fog {unknown}
 m - 2 scrolls of teleportation {unknown}
 n - 6 scrolls of identify {unknown}
 o - a scroll of blinking {unknown}
 q - 2 scrolls of enchant armour {unknown}
 v - 4 scrolls of random uselessness {unknown}
 w - a scroll of noise {unknown}
 y - a scroll of brand weapon {unknown}
Potions
 h - 2 potions of might {unknown}
 j - 2 potions of flight {unknown}
 k - 2 potions of heal wounds {unknown}
 p - 2 potions of brilliance {unknown}
 r - 5 potions of curing {unknown}
 u - 2 potions of agility {unknown}
 x - a potion of lignification {unknown}
 z - 2 potions of degeneration {unknown}
 A - a potion of cancellation {unknown}
 B - a potion of magic {unknown}
Comestibles
 b - 6 rations


   Skills:
 + Level 3.6 Fighting
 - Level 2.4 Dodging
 - Level 1.0 Stealth
 + Level 8.2 Unarmed Combat


You had 6 spell levels left.
You didn't know any spells.
Your spell library was empty.

Dungeon Overview and Level Annotations

Branches:
Dungeon (4/15)
 Temple: D:4-7

Altars:
Elyvilon
Okawaru

Annotations:
D:3 exclusion: downstairs
D:4 Pikel


Innate Abilities, Weirdness & Mutations

You are too large for most types of armour.
You have claws for hands.
Your metabolism is lightning-fast.
You like to eat raw meat.
Your natural rate of healing is unusually fast.
You are covered in fur. (AC +1)
You have very tough skin. (AC +2)


Message History

You barely miss Pikel.
Pikel is almost dead.
Pikel hits you with a whip of electrocution.
You miss Pikel. Your claw misses Pikel.
Pikel is almost dead.
Pikel hits you with a whip of electrocution.
You are electrocuted!
* * * LOW HITPOINT WARNING * * *
You completely miss Pikel.
Pikel is almost dead.
Pikel hits you with a whip of electrocution.
* * * LOW HITPOINT WARNING * * *
You scratch Pikel but do no damage.
Pikel is almost dead.
Pikel hits you but does no damage.
You barely miss Pikel.
Pikel is almost dead.
The slave hits you but does no damage. Pikel hits you but does no damage.
You are electrocuted!
You die...

#.#.#.....####
#.#.#......... #
#.....<...### ##
###.##...## .#
#.###### .# ##.####
g# ## ###...).## ##
.. #.p.###..# # .p
#.#@# #..# ## #.
#.#K###..# .#
.#<#..#.#pp....####
.+
......K..p........+
.#
.#.#..#####....####
## #. #.#.## # %.
#.### .. #.# ## #.#


You could see Pikel and 4 slaves.

Vanquished Creatures
  A water moccasin zombie (Ossuary)
  A bullfrog zombie (Ossuary)
  4 centaur zombies (Ossuary)
  A gnoll shaman (D:4)
  2 killer bee zombies (Ossuary)
  3 hound zombies (Ossuary)
  12 mummies (Ossuary)
  A howler monkey zombie (Ossuary)
  2 worker ant zombies (Ossuary)
  5 adders
  4 adder zombies (Ossuary)
  A worm (D:3)
  3 dart slugs
  6 leopard geckos
  10 orcs (D:3)
  9 bats
  2 giant cockroaches (D:3)
  6 goblins
  11 hobgoblins
  8 jackals
  9 kobolds
  A quokka (D:3)
  A frilled lizard (D:1)
  A jackal zombie (Ossuary)
  2 leopard gecko zombies (Ossuary)
  7 rats
113 creatures vanquished.

Vanquished Creatures (others)
  A withered plant (Ossuary)
1 creature vanquished.

Grand Total: 114 creatures vanquished

Notes
Turn   | Place    | Note
-------+----------+-------------------------------------------
     0 | D:1      | Zebedee the Troll Monk began the quest for the Orb.
     0 | D:1      | Reached XP level 1. HP: 22/22 MP: 0/0
   254 | D:1      | Reached XP level 2. HP: 29/29 MP: 1/1
   635 | D:1      | Reached XP level 3. HP: 36/36 MP: 2/2
  1067 | D:2      | Found a white marble altar of Elyvilon.
  1159 | D:2      | Reached skill level 4 in Unarmed Combat
  1457 | D:2      | Found an iron altar of Okawaru.
  1683 | D:3      | Reached XP level 4. HP: 42/45 MP: 3/3
  2179 | D:3      | Reached skill level 5 in Unarmed Combat
  2179 | D:3      | Reached XP level 5. HP: 51/53 MP: 4/4
  2462 | D:4      | Found a sand-covered staircase.
  2466 | Ossuary  | Entered an ossuary
  2513 | Ossuary  | Reached skill level 6 in Unarmed Combat
  2517 | Ossuary  | Reached XP level 6. HP: 51/61 MP: 5/5
  2593 | Ossuary  | Reached skill level 7 in Unarmed Combat
  2651 | Ossuary  | Reached XP level 7. HP: 55/67 MP: 6/6
  2786 | Ossuary  | Reached skill level 8 in Unarmed Combat
  3086 | D:4      | Noticed Pikel
  3105 | D:4      | Slain by Pikel

Skill      XL: |  1  2  3  4  5  6  7 |
---------------+----------------------+-----
Fighting       | 3 |  3.6
Unarmed Combat | 4 5 6 7 8 |  8.2
Dodging        | |  2.4
Stealth        | |  1.0

Action                   |  1- 3 |  4- 6 |  7- 9 || total
-------------------------+-------+-------+-------++-------
Melee: Unarmed           |    77 |   177 |    62 ||   316
       Punch             |     1 |     5 |     3 ||     9
 Stab: Sleeping          |       |     3 |       ||     3
       Distracted        |       |     2 |       ||     2
  Eat: Chunk             |    19 |     9 |     2 ||    30
Armor: Robe              |    20 |    42 |     9 ||    71
Dodge: Dodged            |    42 |    73 |    25 ||   140
